 Dungeon Crawl Stone Soup version 0.28.0-43-g3370ac3207 (webtiles) character file.

Game seed: 4634975764236720877

134 pkoi the Ruffian (level 4, -2/36 HPs)
             Began as a Demigod Gladiator on Mar 29, 2022.
             Killed from afar by Natasha (3 damage)
             ... with a magic dart
             ... on level 3 of the Dungeon.
             The game lasted 00:03:06 (2518 turns).

pkoi the Ruffian (Demigod Gladiator)                Turns: 2518, Time: 00:03:06

Health: -2/36      AC:  8    Str: 19    XL:     4   Next: 64%
Magic:  6/6        EV: 12    Int: 10    God:
Gold:   144        SH:  0    Dex: 15    Spells: 3/3 levels left

rFire   . . .      SeeInvis .     - Unarmed
rCold   . . .      Faith    .   (no shield)
rNeg    . . .      Spirit   .   a - +0 leather armour
rPois   .          Reflect  .   b - +0 helmet
rElec   .          Harm     .   (no cloak)
rCorr   .          Rampage  .   (no gloves)
Will    .....                   (no boots)
Stlth   +.........              (no amulet)
HPRegen 0.12/turn               f - +4 ring of protection
MPRegen 0.10/turn               (no ring)

@: slowed, invisible, very slow
A: high MP 1, forlorn, divine attributes
a: no special abilities


You were on level 3 of the Dungeon.
You visited 1 branch of the dungeon, and saw 4 of its levels.

You collected 144 gold pieces.

Inventory:

Hand Weapons
 d - a +1 dagger
Missiles
 c - 3 throwing nets (quivered)
 e - 3 curare-tipped darts
Armour
 a - a +0 leather armour (worn)
 b - a +0 helmet (worn)
Jewellery
 f - a +4 ring of protection (left hand)
Scrolls
 j - a scroll of teleportation
 m - a scroll of immolation
Potions
 h - a potion of curing


   Skills:
 - Level 1.7 Fighting
 - Level 1.7 Throwing
 - Level 2.6 Dodging
 + Level 5.2 Unarmed Combat


You had 3 spell levels left.
You didn't know any spells.
Your spell library was empty.

Dungeon Overview and Level Annotations

Branches:
Dungeon (4/15)
 Temple: D:4-7

Annotations:
D:3 Natasha


Innate Abilities, Weirdness & Mutations

You have an increased reservoir of magic. (+10% MP)
You shall have no god before yourself.
Your divine heritage dramatically boosts your attributes as you level up.


Message History

The phantom is severely damaged.
The quokka bites you.
* * * LOW HITPOINT WARNING * * *
The phantom hits you!
* * * LOW HITPOINT WARNING * * *
You barely miss the phantom.
The phantom is severely damaged.
The quokka barely misses you. The phantom barely misses you.
You feel better. The quokka bites you.
* * * LOW HITPOINT WARNING * * *
Natasha, Servant of Life and Death comes into view.
The phantom hits you.
* * * LOW HITPOINT WARNING * * *
The quokka bites you but does no damage.
You fade into invisibility!
Natasha hisses angrily.
The phantom barely misses you. The quokka closely misses you.
You barely miss the phantom.
The phantom is severely damaged.
The phantom misses you. The quokka bites you.
* * * LOW HITPOINT WARNING * * *
You miss the phantom.
The phantom is severely damaged.
Natasha stares at you and mumbles some strange words.
You feel yourself slow down. The quokka misses you. The phantom hits you.
* * * LOW HITPOINT WARNING * * *
You hit the phantom.
The phantom is almost destroyed.
The quokka barely misses you. The phantom closely misses you.
The quokka twitches its whiskers.
The quokka bites you but does no damage.
You catch the helpless phantom completely off-guard!
You hit the phantom.
The phantom is almost destroyed.
The phantom hits you.
* * * LOW HITPOINT WARNING * * *
The phantom blinks!
You blink.
Natasha casts a spell at you. The magic dart hits you.
You die...

******** ############### *,,,,,,,
#..........##.# *,******
###..........##.#********,******
#.'..............,,,,,,,,,,,,,,,
#.#...........#.#######**+*****,
#.#.[.........#........,,,,,,,,,
#.#...........#@W.......,,,,,,,,
#.#...........#..###...,,,,,,,,,
#.#...........#.h#*#.###,,,,,,,,
#.###########.#..#......,,,,,,,,
#.* #.#.r.......,,,,,,,, *,*
##### #.#ยง.#.#.###,,,,,,,, *,*
#...# #.##.#.#,* *,,,,,,,, *,*
#...# #.##.#,#,***,,,,,,,,
##+#####...###.##..,*,,,',,,,,,,,


You could see a phantom, Natasha and a quokka.

Vanquished Creatures
  Jessica (D:2)
  Natasha (D:3)
  2 adders
  2 worms
  A dart slug (D:2)
  An orc (D:3)
  3 endoplasms
  4 giant cockroaches
  6 goblins
  6 hobgoblins
  3 jackals (D:3)
  4 quokkas
  5 ball pythons
  8 bats
  2 frilled lizards (D:1)
  2 kobolds (D:2)
  7 rats
58 creatures vanquished.

Vanquished Creatures (others)
  A demonic plant (D:3)
  2 withered plants (D:3)
3 creatures vanquished.

Grand Total: 61 creatures vanquished

Notes
Turn   | Place    | Note
-------+----------+-------------------------------------------
     0 | D:1      | pkoi the Demigod Gladiator began the quest for the Orb.
     0 | D:1      | Reached XP level 1. HP: 17/17 MP: 3/3
    95 | D:1      | Reached skill level 3 in Unarmed Combat
   240 | D:1      | Reached XP level 2. HP: 22/24 MP: 4/4
  1110 | D:2      | Reached skill level 4 in Unarmed Combat
  1110 | D:2      | Reached XP level 3. HP: 27/29 MP: 5/5
  1394 | D:2      | Noticed Jessica
  1403 | D:2      | Killed Jessica
  1737 | D:2      | Reached XP level 4. HP: 36/36 MP: 6/6
  2311 | D:3      | Noticed Natasha
  2319 | D:3      | Killed Natasha
  2320 | D:3      | Reached skill level 5 in Unarmed Combat
  2442 | D:3      | Noticed an ogre
  2474 | D:4      | Noticed a phantom
  2513 | D:3      | Noticed Natasha
  2518 | D:3      | HP: 1/36 [phantom (1)]
  2518 | D:3      | Killed from afar by Natasha

Illustrated notes

Levels and vault maps discovered:
D:1:      dpeg_arrival_subterranean_lakeside_camping, layout_basic,
          minmay_tripent
D:2:      layout_loops_ring, chequers_decorated_corner, uniq_jessica
D:3:      layout_basic, nemelex_xobeh_ov_fountains_minmay,
          shapermc_ecumenical_altar_gd, uniq_robin, uniq_natasha
D:4:      minmay_chambers_of_threes, layout_rooms, temple_statues,
          chequers_serial_rivers_large_a

Skill      XL: |  1  2  3  4 |
---------------+-------------+-----
Unarmed Combat | 3 4 5 |  5.2
Fighting       | |  1.7
Throwing       | |  1.7
Dodging        | |  2.6

Action                   |  1- 3 |  4- 6 || total
-------------------------+-------+-------++-------
Melee: Unarmed           |   138 |    74 ||   212
       Punch             |     4 |     1 ||     5
  Use: Scroll            |     1 |     8 ||     9
       Potion            |       |     5 ||     5
 Stab: Sleeping          |     2 |     2 ||     4
       Invisible         |       |     1 ||     1
Armor: Leather armour    |    37 |    28 ||    65
Dodge: Dodged            |    80 |    53 ||   133
